 Dungeon Crawl Stone Soup version 0.18.1-48-g4cf74bf (webtiles) character file.

120 Heedrag the Conjurer (level 4, -5/24 HPs)
             Began as a Deep Elf Conjurer on Aug 1, 2016.
             Slain by a gnoll
             ... wielding a +0 whip
              (6 damage)
             ... on level 2 of the Dungeon.
             The game lasted 00:02:21 (1058 turns).

Heedrag the Conjurer (Deep Elf Conjurer)            Turns: 1058, Time: 00:02:22

Health: -5/24      AC:  2    Str:  6    XL:     4   Next: 75%
Magic:  4/12       EV: 13    Int: 20    God:
Gold:   141        SH:  0    Dex: 15    Spells: 2 memorised, 8 levels left

rFire  . . .     SeeInvis .     i - +1 dagger (flame)
rCold  . . .     Gourm    .     a - +0 robe
rNeg   . . .     Faith    .     (no shield)
rPois  .         Spirit   .     (no helmet)
rElec  .         Dismiss  .     (no cloak)
rCorr  .         Reflect  .     (no gloves)
SustAt .         Harm     .     (no boots)
MR     .....                    (no amulet)
Stlth  ++........               (no ring)
                                (no ring)

@: not resistant to hostile enchantments, unstealthy
A: no striking features
a: no special abilities


You were on level 2 of the Dungeon.
You were not hungry.

You visited 1 branch of the dungeon, and saw 2 of its levels.

You collected 141 gold pieces.

Inventory:

Hand Weapons
 i - a +1 dagger of flaming (weapon)
Armour
 a - a +0 robe (worn)
Scrolls
 d - 5 scrolls of identify {unknown}
 e - a scroll of fog {unknown}
 k - a scroll of fear {unknown}
 n - a scroll of noise {unknown}
 o - a scroll of enchant armour {unknown}
Potions
 h - a potion of flight {unknown}
 l - a potion of berserk rage {unknown}
 m - a potion of heal wounds {unknown}
 p - a potion of brilliance {unknown}
 q - a potion of mutation {unknown}
Books
 b - a book of Conjurations

   Spells                             Type                      Level
   a - Magic Dart                     Conjuration                  1
   b - Searing Ray                    Conjuration                  2
   c - Dazzling Spray                 Conjuration/Hexes            3
   d - Fulminant Prism                Conjuration/Hexes            4
   e - Iskenderun's Mystic Blast      Conjuration                  4
   f - Iskenderun's Battlesphere      Conjuration/Charms           5
Comestibles
 c - 2 bread rations
 f - a fruit
 g - 4 chunks of flesh
 j - 2 meat rations


   Skills:
 - Level 2.4 Dodging
 - Level 2.4 Stealth
 + Level 4.5 Spellcasting
 * Level 6.1 Conjurations


You had 8 spell levels left.
You knew the following spells:

 Your Spells              Type           Power        Failure   Level  Hunger
a - Magic Dart            Conj           ####         1%          1    None
b - Dazzling Spray        Conj/Hex       ###...       12%         3    ##.....


Dungeon Overview and Level Annotations

Branches:
Dungeon (2/15)

Altars:


Message History

Confirm wit' . or Enter, or press ? or * ta list all spells.
Aimin': Magic Dart
Press: ? - help, Shift-Dir - straight line, f/p - gnoll
Aim: a gnoll, wieldin' a spear (severely wounded) Tha magic dart hits tha gnoll.
Tha gnoll be heavily wounded.
Tha gnoll hits ye from afar wit' a spear.
Castin': Magic Dart Confirm wit' . or Enter, or press ? or * ta list all spells.
Aimin': Magic Dart
Press: ? - help, Shift-Dir - straight line, f/p - gnoll
Aim: a gnoll, wieldin' a spear (severely wounded) Tha magic dart hits tha gnoll.
Tha gnoll be heavily wounded.
Tha gnoll hits ye wit' a whip!
* * * LOW HITPOINT WARNIN'
* * * Tha gnoll hits ye from afar wit' a spear.
* * * LOW HITPOINT WARNIN'
* * * Tha gnoll hits ye wit' a whip.
Ye die...

....+ #.# #.#
##....# #.# #.#
#..... #...# #.#
#...† #...# #.#
#... #..># #.#
#g. #.## #.#
#g#### #.# #.#
#g##<# #.# #.#
#@##.# #.# #.#
#.##.# #.#####.#
#.##.#+##......)#
#........########
###......#
###..### #....#
♣PP..♣ ♣...♣♣


You could see 3 gnolls.

Vanquished Creatures
  Natasha (twice) (D:2)
  A gnoll (D:2)
  2 adders (D:2)
  A worm (D:2)
  2 dart slugs
  3 giant geckos
  2 ball pythons
  2 giant cockroaches
  2 goblins
  5 hobgoblins
  3 kobolds
  A quokka (D:2)
  4 bats
  A giant newt (D:1)
  4 rats (D:1)
35 creatures vanquished.

Notes
Turn   | Place    | Note
--------------------------------------------------------------
     0 | D:1      | Heedrag the Deep Elf Conjurer began the quest for the Orb.
     0 | D:1      | Reached XP level 1. HP: 10/10 MP: 6/6
   189 | D:1      | Reached XP level 2. HP: 15/15 MP: 6/8
   228 | D:1      | Reached skill level 5 in Conjurations
   608 | D:2      | Reached XP level 3. HP: 19/19 MP: 7/10
   613 | D:2      | Learned a level 3 spell: Dazzling Spray
   750 | D:2      | Noticed Natasha
   754 | D:2      | Killed Natasha
   754 | D:2      | Reached XP level 4. HP: 16/24 MP: 1/12
   884 | D:2      | Noticed Natasha
   886 | D:2      | Killed Natasha
   886 | D:2      | Reached skill level 6 in Conjurations
  1057 | D:2      | HP: 1/24 [gnoll/spear (6)]
  1058 | D:2      | Slain by a gnoll

Skill      XL: |  1  2  3  4 |
---------------+-------------+-----
Conjurations   | 5 6 |  6.1
Spellcasting   | 4 |  4.5
Dodging        | |  2.4
Stealth        | |  2.4

Action                   |  1- 3 |  4- 6 || total
-------------------------+-------+-------++-------
Melee: Unarmed           |     7 |       ||     7
       Dagger            |     4 |       ||     4
 Cast: Magic Dart        |    54 |    26 ||    80
Armor: Robe              |     3 |       ||     3
Dodge: Dodged            |    11 |       ||    11
